 Dungeon Crawl Stone Soup version 0.28.0-53-g5a82cb258f (webtiles) character file.

Game seed: 7919956197383823314

1810 mcbry74 the Arsonist (level 9, -1/62 HPs)
             Began as a Hill Orc Fire Elementalist on July 7, 2022.
             Was a Believer of Vehumet.
             Killed from afar by a steam dragon (15 damage)
             ... with a ball of steam
             ... on level 6 of the Dungeon.
             The game lasted 00:33:19 (9467 turns).

mcbry74 the Arsonist (Hill Orc Fire Elementalist)   Turns: 9467, Time: 00:33:23

Health: -1/62      AC:  5    Str: 11    XL:     9   Next: 10%
Magic:  8/11       EV: 12    Int: 19    God:    Vehumet [**....]
Gold:   370        SH:  0    Dex: 11    Spells: 4/11 levels left

rFire   . . .      SeeInvis .   f - +0 dagger
rCold   . . .      Faith    +   (no shield)
rNeg    . . .      Spirit   .   a - +0 robe
rPois   .          Reflect  .   h - +0 helmet
rElec   .          Harm     .   e - +0 cloak
rCorr   .          Rampage  .   (no gloves)
Will    .....                   w - +0 pair of boots
Stlth   ++........              u - amulet of faith
HPRegen 0.20/turn               (no ring)
MPRegen 0.12/turn               (no ring)

@: about to teleport
A: no striking features
a: Renounce Religion


You were on level 6 of the Dungeon.
You worshipped Vehumet.
Vehumet was pleased with you.
You visited 2 branches of the dungeon, and saw 8 of its levels.

You collected 370 gold pieces.

Inventory:

Hand Weapons
 f - a +0 dagger (weapon)
Missiles
 j - 6 boomerangs
 m - 119 stones
 r - 10 poisoned darts
Armour
 a - a +0 robe (worn)
 e - a +0 cloak (worn)
 h - a +0 helmet (worn)
 w - a +0 pair of boots (worn)
Magical Staves
 g - a staff of earth
Jewellery
 u - an amulet of faith (around neck)
Wands
 x - a wand of acid (10)
Scrolls
 b - a scroll of holy word {unknown}
 c - 2 scrolls of teleportation
 d - a scroll of blinking {unknown}
 n - a scroll of immolation {unknown}
 q - 3 scrolls of amnesia {unknown}
 s - 4 scrolls of identify {unknown}
Potions
 i - a potion of curing {unknown}
 k - 2 potions of heal wounds {unknown}
 l - 2 potions of magic {unknown}
 o - 3 potions of resistance {unknown}
 p - a potion of cancellation {unknown}
 t - a potion of mutation {unknown}
 v - a potion of degeneration {unknown}
 z - a potion of berserk rage {unknown}
 A - 2 potions of brilliance {unknown}


   Skills:
 - Level 1.5 Dodging
 - Level 1.5 Stealth
 - Level 1.5 Spellcasting
 + Level 6.1 Conjurations
 * Level 11.1 Fire Magic


You had 4 spell levels left.
You knew the following spells:

 Your Spells              Type           Power      Damage    Failure   Level
a - Foxfire               Conj/Fire      100%       2x1d9     1%          1
b - Scorch                Fire           86%        2d9       1%          2
c - Flame Wave            Conj/Fire      34%        2d8       4%          4

Your spell library contained the following spells:

 Spells                   Type           Power      Damage    Failure   Level
 Static Discharge         Conj/Air       13%        N/A       8%          2
 Magic Dart               Conj           96%        1d7       1%          1
 Conjure Flame            Conj/Fire      34%        6-21      1%          3
 Inner Flame              Hex/Fire       22%        N/A       5%          3
 Stone Arrow              Conj/Erth      26%        3d8       16%         3
 Sandblast                Erth           2%         2d4       19%         1
 Mephitic Cloud           Conj/Pois/Air  9%         N/A       22%         3
 Call Imp                 Summ           1%         N/A       26%         2
 Passwall                 Tmut/Erth      0%         N/A       26%         2


Dungeon Overview and Level Annotations

Branches:
Dungeon (7/15)             Temple (1/1) D:4

Altars:
Cheibriados
Dithmenos
Elyvilon
Fedhas
Hepliaklqana
Makhleb
Trog
Vehumet
Zin
The Shining One

Shops:
D:1 [[[(   D:4 (


Message History

You kill the orc!
Vehumet accepts your kill.
Casting: Foxfire (safe; 1% risk of failure)
Confirm with . or Enter, or press ? or * to list all spells.
You conjure some foxfire!
You barely miss the orc.
The foxfire hits the orc.
The orc is moderately wounded.
The foxfire hits the orc.
You kill the orc!
Vehumet accepts your kill.
You feel your power returning.
You start resting.
A steam dragon comes into view.
The steam dragon hisses angrily.
Things that are here:
a +0 dagger; an orc corpse
Items here: ))) ††.
The steam dragon bites you but does no damage.
The steam dragon claws you.
There is a stone staircase leading up here.
The steam dragon bites you.
The steam dragon claws you but does no damage.
You climb upwards.
There is a stone staircase leading down here.
The steam dragon breathes steam at you. The ball of steam hits you!
The steam dragon breathes steam at you. The ball of steam misses you.
You are engulfed in a cloud of scalding steam.
The steam dragon breathes steam at you. The ball of steam hits you!
You are engulfed in a cloud of scalding steam.
* * * LOW HITPOINT WARNING * * *
As you read the scroll labelled ARPHAOR ETELLUM, it crumbles to dust.
You feel strangely unstable.
It was a scroll of teleportation.
You are engulfed in a cloud of scalding steam.
* * * LOW HITPOINT WARNING * * *
The steam dragon breathes steam at you. The ball of steam hits you!
You die...

.....##....#
##....#....## ##.
#########..## #.........#
#.. # ##..##########..##
#.. ##..# #...########
#####...# #....§.>..# ###
##......## ##..####...#
..###...##### #..## ###.#
.......## ########.##
##.# #....#..##
#§§@§D...# #..##
#...####.## ##.#####..###
##.### #..## ##.###..#
##...####.###. ...#
##.##..#####..###....##..
..#### #..).....#..##
#####.... ###..#
##....####### #..#.
##..## #...## #.### ##.##
###..## ##.# #.## ###.##
###


You could see a steam dragon (catching breath).

Vanquished Creatures
  Prince Ribbit (D:4)
  Sigmund (D:5)
  2 black bears
  A necrophage (D:4)
  2 phantoms
  A kobold brigand (D:6)
  3 scorpions
  A wyvern skeleton (D:5)
  A water moccasin skeleton (D:4)
  A howler monkey (D:5)
  A bullfrog zombie (D:3)
  A hound (D:5)
  A bullfrog skeleton (D:6)
  3 orc priests
  A gnoll shaman (D:6)
  2 iguanas (D:4)
  An orc wizard (D:4)
  A scorpion zombie (D:5)
  Natasha (thrice) (D:3)
  2 hound skeletons
  8 gnolls
  6 adders
  2 white imps
  3 ufetubi
  An adder skeleton (D:4)
  3 worms (D:2)
  13 orcs
  2 bats
  9 endoplasms
  2 giant cockroaches
  8 goblins
  5 hobgoblins
  A jackal (D:4)
  19 kobolds
  4 ball pythons
  4 frilled lizards
  A rat (D:3)
121 creatures vanquished.

Vanquished Creatures (others)
  86 foxfires
86 creatures vanquished.

Grand Total: 207 creatures vanquished

Notes
Turn   | Place    | Note
-------+----------+-------------------------------------------
     0 | D:1      | mcbry74 the Hill Orc Fire Elementalist began the quest for
                  | the Orb.
     0 | D:1      | Reached XP level 1. HP: 14/14 MP: 3/3
   126 | D:1      | Found Jerphur's Weapon Shop.
   259 | D:1      | Found a faded altar of an unknown god.
   361 | D:1      | Found Siovviag's Armour Shoppe.
   624 | D:1      | Reached XP level 2. HP: 19/20 MP: 2/4
   670 | D:1      | Learned a level 2 spell: Scorch
   736 | D:1      | Reached skill level 4 in Fire Magic
   813 | D:1      | Found Sax Ryom's Armour Boutique.
   849 | D:1      | Found Joleowk's Antique Armour Emporium.
  1302 | D:2      | Reached XP level 3. HP: 26/26 MP: 0/5
  2657 | D:3      | Reached skill level 5 in Fire Magic
  2657 | D:3      | Reached XP level 4. HP: 24/33 MP: 0/6
  3533 | D:3      | Noticed Natasha
  3540 | D:3      | Killed Natasha
  3541 | D:3      | Reached XP level 5. HP: 38/38 MP: 2/7
  3651 | D:3      | Reached skill level 6 in Fire Magic
  3718 | D:3      | Noticed Natasha
  4091 | D:3      | Killed Natasha
  4107 | D:3      | Noticed Natasha
  4166 | D:3      | Killed Natasha
  4249 | D:3      | Learned a level 4 spell: Flame Wave
  4321 | D:4      | Found a staircase to the Ecumenical Temple.
  4332 | Temple   | Entered the Ecumenical Temple
  4496 | Temple   | Became a worshipper of Vehumet
  4705 | D:4      | Noticed a black bear
  4705 | D:4      | Noticed a necrophage
  4722 | D:4      | Killed a necrophage
  4723 | D:4      | Reached skill level 7 in Fire Magic
  4723 | D:4      | Reached XP level 6. HP: 17/45 MP: 0/8
  4965 | D:3      | Killed a black bear
  5280 | D:4      | Reached XP level 7. HP: 50/50 MP: 2/9
  5603 | D:4      | Found Nuagu's Antique Weapon Boutique.
  5655 | D:4      | Reached skill level 8 in Fire Magic
  6158 | D:5      | Entered Level 5 of the Dungeon
  6158 | D:5      | Noticed Sigmund
  6158 | D:5      | Noticed Prince Ribbit
  6369 | D:5      | Reached * piety under Vehumet
  6369 | D:5      | Offered knowledge of Shock by Vehumet.
  6494 | D:5      | Killed Sigmund
  6495 | D:5      | Reached skill level 9 in Fire Magic
  6495 | D:5      | Reached XP level 8. HP: 50/57 MP: 4/10
  6597 | D:4      | Killed Prince Ribbit
  6598 | D:4      | Reached skill level 5 in Conjurations
  7217 | D:5      | Reached skill level 10 in Fire Magic
  8344 | D:6      | Reached XP level 9. HP: 62/62 MP: 4/11
  8741 | D:6      | Reached skill level 11 in Fire Magic
  9400 | D:7      | Offered knowledge of Static Discharge by Vehumet.
  9401 | D:7      | Reached ** piety under Vehumet
  9467 | D:6      | Killed from afar by a steam dragon

Illustrated notes

Levels and vault maps discovered:
D:1:      dpeg_arrival_tiny_a, layout_loops_corners, serial_shops,
          nicolae_shop_bloodbath_and_beyond, nicolae_shop_behind_doors,
          nicolae_diamond_shop, nicolae_shop_statue_plus,
          ebering_ecumenical_altar_sacrificial
D:2:      layout_basic, kennysheep_generic_room_5
D:3:      layout_loops_ring, uniq_natasha
D:4:      layout_rooms, minmay_temple_entry_offerings, serial_shops,
          nicolae_shop_behind_doors, minmay_quadrilaterals
D:5:      layout_cave_pools, bh_walls_and_bars, uniq_sigmund,
          uniq_prince_ribbit1
D:6:      layout_layer_cave
D:7:      layout_layer_cave, nicolae_wu_jian_wuxing_cycle,
          nicolae_shop_clearance
Temple:   mainiacjoe_temple_trianglar_array

Skill      XL: |  1  2  3  4  5  6  7  8  9 |
---------------+----------------------------+-----
Fire Magic     | 4 5 7 9 10 11 | 11.1
Conjurations   | 2 3 4 5 6 |  6.1
Dodging        | |  1.5
Stealth        | |  1.5
Spellcasting   | |  1.5

Action                   |  1- 3 |  4- 6 |  7- 9 || total
-------------------------+-------+-------+-------++-------
Melee: Dagger            |     8 |    16 |     2 ||    26
       Punch             |       |     1 |       ||     1
 Cast: Foxfire           |    41 |     3 |     3 ||    47
       Scorch            |    12 |    56 |    99 ||   167
       Flame Wave        |       |       |     2 ||     2
  Use: Scroll            |       |       |     1 ||     1
Armor: Robe              |     2 |     3 |    22 ||    27
Dodge: Dodged            |    17 |    25 |    21 ||    63
